 Dungeon Crawl Stone Soup version 0.29-a0-266-gf56f883ddd (webtiles) character file.

Game seed: 12659888947989737715

466282 Crownlay the End of an Era (level 24, -16/231 HPs)
             Began as a Hill Orc Fighter on Mar 5, 2022.
             Was the Champion of Qazlal.
             Killed from afar by a deep elf annihilator (82 damage)
             ... with a crystal spear
             ... on level 3 of the Elven Halls on Mar 6, 2022.
             The game lasted 04:46:27 (70280 turns).

Crownlay the End of an Era (Hill Orc Fighter)      Turns: 70280, Time: 04:46:27

Health: -16/231    AC: 50    Str: 30    XL:     24   Next: 58%
Magic:  0/38       EV:  7    Int: 18    God:    Qazlal [******]
Gold:   3312       SH: 29    Dex: 16    Spells: 23/23 levels left

rFire   + + +      SeeInvis +   E - +9 broad axe (vamp)
rCold   + . .      Faith    .   z - +0 kite shield {rF+}
rNeg    . . .      Spirit   .   O - +13 crystal plate armour {rC+}
rPois   .          Reflect  +   J - +2 hat {Stlth+}
rElec   +          Harm     .   R - +0 cloak {Will+}
rCorr   +          Rampage  .   T - +1 pair of gloves {infuse}
Will    +++..                   i - +0 pair of boots
Stlth   ..........              I - amulet "Nuom" {Reflect rElec SH+5}
HPRegen 0.48/turn               D - ring "Siatroigg" {Drain Will+ rCorr Int+8 SInv}
MPRegen 0.26/turn               b - ring "Lakkyamp" {rElec rF+ Dex+6}

@: lethally poisoned (-16 -> -32), protected from electricity, repel missiles
A: clever 1, deterioration 1, fire resistance 1, sense surroundings 1
}: 2/15 runes: serpentine, barnacled
a: Renounce Religion, Upheaval, Elemental Force, Disaster Area


You were on level 3 of the Elven Halls.
You worshipped Qazlal.
Qazlal was exalted by your worship.
You visited 8 branches of the dungeon, and saw 42 of its levels.
You visited the Abyss 1 time.
You also visited: Bailey and Ice Cave.

You collected 6927 gold pieces.
You spent 3615 gold pieces at shops.

Inventory:

Hand Weapons
 o - a +5 broad axe of flaming
 E - a +9 vampiric broad axe (weapon)
Missiles
 n - 7 throwing nets
 w - 22 boomerangs (quivered)
 H - 4 silver boomerangs
 P - 10 silver javelins
Armour
 i - a +0 pair of boots (worn)
 v - a +0 kite shield of reflection
 y - +1 shadow dragon scales
 z - a +0 kite shield of fire resistance (worn)
 J - a +2 hat of stealth (worn)
 O - a +13 crystal plate armour of cold resistance (worn)
 R - a +0 cloak of willpower (worn)
 T - a +1 pair of gloves of infusion (worn)
Jewellery
 b - the ring "Lakkyamp" (right hand) {rElec rF+ Dex+6}
   (You took it off a merfolk aquamancer on level 4 of the Shoals)

   [ring of protection from fire]

   Dex:       It affects your dexterity (+6).
   rF:        It protects you from fire.
   rElec:     It insulates you from electricity.
 e - the ring "Zuriuvvaxe" {Contam Fly rCorr Str+8 Int-3}
   (You took it off a deep elf zephyrmancer on level 3 of the Elven Halls)

   [ring of flight]

   Str:       It affects your strength (+8).
   Int:       It affects your intelligence (-3).
   Fly:       It grants you flight.
   Contam:    It causes magical contamination when unequipped.
   rCorr:     It protects you from acid and corrosion.
 B - a ring of poison resistance
 D - the ring "Siatroigg" (left hand) {Drain Will+ rCorr Int+8 SInv}
   (You took it off a vault guard on level 14 of the Dungeon)

   [ring of willpower]

   Int:       It affects your intelligence (+8).
   SInv:      It lets you see invisible.
   rCorr:     It protects you from acid and corrosion.
   Drain:     It drains your maximum health when unequipped.
   Will:      It increases your willpower.
 I - the amulet "Nuom" (around neck) {Reflect rElec SH+5}
   (You bought it in a shop on level 4 of the Snake Pit)

   [amulet of reflection]

   It reflects blocked missile attacks.
   rElec:     It insulates you from electricity.
   SH:        It affects your SH (+5).
Wands
 a - a wand of polymorph (7)
 m - a wand of acid (18)
 p - a wand of digging (9)
 M - a wand of iceblast (35)
Scrolls
 f - 6 scrolls of blinking
 g - 5 scrolls of magic mapping
 h - 2 scrolls of silence
 k - 2 scrolls of holy word
 l - 10 scrolls of fear
 q - 4 scrolls of fog
 t - 26 scrolls of teleportation
 A - 2 scrolls of brand weapon
 G - 2 scrolls of summoning
 L - 2 scrolls of amnesia
 U - 19 scrolls of identify
Potions
 d - 3 potions of cancellation
 r - 3 potions of ambrosia
 s - 4 potions of resistance
 x - 5 potions of haste
 C - 2 potions of flight
 F - 19 potions of curing
 K - 4 potions of might
 S - 2 potions of berserk rage
 X - 10 potions of heal wounds
 Y - a potion of invisibility
Miscellaneous
 c - a condenser vane
 j - a condenser vane
 u - a phantom mirror
 N - a box of beasts


   Skills:
 + Level 21.8 Fighting
 + Level 23.1 Axes
 + Level 13.5 Throwing
 + Level 22.3 Armour
 - Level 20.0 Shields
 + Level 23.2 Invocations
 - Level 10.0 Evocations


You had 23 spell levels left.
You didn't know any spells.
Your spell library contained the following spells:

 Spells                   Type           Power      Damage    Failure   Level
 Magic Dart               Conj           0%         1d3       94%         1
 Sandblast                Erth           0%         2d4       94%         1
 Slow                     Hex            0%         N/A       94%         1
 Sting                    Tmut/Pois      0%         1d3       94%         1
 Summon Small Mammal      Summ           0%         N/A       94%         1
 Blink                    Tloc           0%         N/A       98%         2
 Call Imp                 Summ           0%         N/A       98%         2
 Ensorcelled Hibernation  Hex/Ice        0%         N/A       98%         2
 Poisonous Vapours        Pois/Air       0%         N/A       98%         2
 Call Canine Familiar     Summ           0%         N/A       100%        3
 Confusing Touch          Hex            0%         N/A       100%        3
 Frozen Ramparts          Ice            0%         1d2       100%        3
 Gell's Gravitas          Tloc           0%         N/A       100%        3
 Lesser Beckoning         Tloc           0%         N/A       100%        3
 Mephitic Cloud           Conj/Pois/Air  0%         N/A       100%        3
 Ozocubu's Armour         Ice            0%         N/A       100%        3
 Portal Projectile        Hex/Tloc       0%         N/A       100%        3
 Spider Form              Tmut/Pois      0%         N/A       100%        3
 Stone Arrow              Conj/Erth      0%         3d7       100%        3
 Summon Guardian Golem    Hex/Summ       0%         N/A       100%        3
 Teleport Other           Tloc           0%         N/A       100%        3
 Vampiric Draining        Necr           0%         2d6       100%        3
 Anguish                  Hex/Necr       0%         N/A       100%        4
 Animate Armour           Summ/Erth      0%         N/A       100%        4
 Ice Form                 Ice/Tmut       0%         N/A       100%        4
 Leda's Liquefaction      Hex/Erth       0%         N/A       100%        4
 Olgreb's Toxic Radiance  Pois           0%         N/A       100%        4
 Summon Ice Beast         Ice/Summ       0%         N/A       100%        4
 Blade Hands              Tmut           0%         N/A       100%        5
 Borgnjor's Vile Clutch   Necr/Erth      0%         N/A       100%        5
 Excruciating Wounds      Necr           0%         N/A       100%        5
 Fireball                 Conj/Fire      0%         3d3       100%        5
 Freezing Cloud           Conj/Ice/Air   0%         6-21      100%        5
 Irradiate                Conj/Tmut      0%         3d13      100%        5
 Lee's Rapid Deconstruct  Erth           0%         3d5*      100%        5
 Manifold Assault         Tloc           0%         N/A       100%        5
 Metabolic Englaciation   Hex/Ice        0%         N/A       100%        5
 Summon Forest            Summ/Tloc      0%         N/A       100%        5
 Summon Mana Viper        Hex/Summ       0%         N/A       100%        5
 Dispersal                Tloc           0%         N/A       100%        6
 Eringya's Noxious Bog    Tmut/Pois      0%         N/A       100%        6
 Iron Shot                Conj/Erth      0%         9d1       100%        6
 Simulacrum               Ice/Necr       0%         N/A       100%        6
 Starburst                Conj/Fire      0%         6d3       100%        6
 Statue Form              Tmut/Erth      0%         N/A       100%        6
 Summon Cactus Giant      Summ           0%         N/A       100%        6
 Dragon Form              Tmut           0%         N/A       100%        7
 Enfeeble                 Hex            0%         N/A       100%        7
 Orb of Destruction       Conj           0%         9d5       100%        7
 Ozocubu's Refrigeration  Ice            0%         4d5       100%        7
 Spellforged Servitor     Conj/Summ      0%         N/A       100%        7
 Storm Form               Tmut/Air       0%         N/A       100%        7
 Summon Hydra             Summ           0%         N/A       100%        7
 Ignition                 Fire           0%         3d3       100%        8
 Chain Lightning          Conj/Air       0%         N/A       100%        9
 Fire Storm               Conj/Fire      0%         5d1       100%        9
 Shatter                  Erth           0%         3d5*      100%        9


Dungeon Overview and Level Annotations

Branches:
Dungeon (15/15)            Temple (0/1) D:7            Lair (6/6) D:10
 Shoals (4/4) Lair:4        Snake (4/4) Lair:2        Slime (0/5) Lair:5
    Orc (2/2) D:10            Elf (3/3) Orc:2        Vaults (4/5) D:14
  Crypt (0/3) Vaults:2     Depths (4/4) D:15            Zot (0/5) Depths:4
 Bailey (visited)           IceCv (visited)

Altars:
Ashenzari
Dithmenos
Gozag
Kikubaaqudgha
Qazlal
Xom
The Shining One
Beogh
Jiyva

Shops:
D:7 (:   D:11 !   Orc:2 **([!   Elf:2 =(   Elf:3 =:=   Shoals:1 (   Shoals:3 ?(
Snake:1 :*   Snake:3 [   Snake:4 *   Vaults:1 ?   Vaults:2 *   Vaults:3 *
Depths:4 *

Portals:
Hell: Depths:1 Depths:2 Depths:3 Depths:4
Abyss: Depths:1 Depths:3 Depths:4
Pandemonium: Depths:2
Ziggurat: Depths:4
Trove: D:14 (give +2 shadow dragon scales)


Innate Abilities, Weirdness & Mutations

Your mind is acute. (Int +2)
Your body sometimes deteriorates upon taking damage.
Your flesh is heat resistant. (rF+)
You passively map a small area around you.


Message History

The soul eater draws from the surrounding life force!
You barely miss the deep elf sorcerer.
The deep elf sorcerer is heavily wounded.
You closely miss the deep elf annihilator.
You hit the deep elf annihilator.
You hear a shout!
You block the deep elf sorcerer's attack.
The deep elf annihilator casts a spell.
The deep elf annihilator blinks!
The deep elf sorcerer casts a spell.
The deep elf sorcerer seems to speed up.
The deep elf annihilator barely misses you.
A deep elf master archer comes into view.
The Brimstone Fiend roars!
You open the deep elf sorcerer like a pillowcase!!!
You feel better.
You kill the deep elf sorcerer!
Qazlal accepts your kill.
You completely miss the deep elf annihilator.
You miss the deep elf annihilator.
You hear a shout!
The soul eater draws from the surrounding life force!
The deep elf sorcerer points at you and mumbles some strange words.
The bolt of acid misses you.
The Brimstone Fiend calls on the powers of darkness!
The deep elf demonologist convulses!
The deep elf annihilator convulses!
Your body is wracked with pain!
The deep elf annihilator convulses!
You are too injured to fight recklessly!
You are too injured to fight recklessly!
You closely miss the deep elf annihilator.
The deep elf annihilator is severely wounded.
You hit the deep elf annihilator but do no damage.
You hear a shout!
The deep elf annihilator gestures at you while chanting.
The poison arrow hits you!!
You are poisoned.
* * * LOW HITPOINT WARNING * * *
The deep elf annihilator points at you and mumbles some strange words.
The crystal spear hits you!!!!
You die...

, ##..#.### * *##
###......## ,,e.1#
#........## *
#.3########.....).
*##..##............. ,
#..3##...)...#.#.##
#e.3##.......#))...
#e####e##....[..#.....
#ee.e@)##.......#..)).
######e##)......###)##
##)°........# #)##
#..).######## #.##
#.).e##### #...
#......).######...
##...)........#...
#)#####.####.#...
#....##.####.#...


You could see a Brimstone Fiend (summoned), a deep elf master archer, 3 deep elf
annihilators, 2 deep elf sorcerers, a soul eater (summoned), a sun demon
(summoned), a deep elf knight (fast, empowered, invisible), a deep elf
zephyrmancer and a smoke demon (summoned).

Vanquished Creatures
  An ancient lich (Depths:3)
  A juggernaut (Depths:3)
  Bai Suzhen (Elf:3)
  2 caustic shrikes (Depths:3)
  Xtahua (Vaults:2)
  3 golden dragons
  the Enchantress (Depths:4)
  A bone dragon (Abyss:2)
  3 liches
  Rupert (D:15)
  2 tentacled monstrosities (Depths:3)
  Mlioglotl (Shoals:1)
  Jorgrun (Shoals:1)
  The ghost of BigAl the Eclecticist, an adept GrEE of Vehumet (Snake:3)
  Asterion (Snake:1)
  A quicksilver dragon (Depths:3)
  A kraken (Shoals:1)
  3 deep elf master archers
  Polyphemus (Shoals:4)
  3 tentacled starspawn (Abyss:2)
  2 sphinxes (Depths:3)
  2 tengu reavers (Depths:3)
  The ghost of WhatIsLove the Warrior, an adept DjCj of Makhleb (Shoals:1)
  Kirke (D:14)
  An ancient champion (Vaults:2)
  2 shadow dragons
  Roxanne (Shoals:3)
  2 storm dragons
  A nagaraja (Snake:4)
  4 frost giants
  Donald (Orc:2)
  8 vault wardens
  6 fire giants
  4 deep elf sorcerers
  A draconian knight (Depths:3)
  An iron dragon (Depths:3)
  Louise (Depths:1)
  2 orc warlords
  The ghost of numbers123456 the Severer, a journeyman MiBe of Trog (Shoals:1)
  4 draconian stormcallers (Depths:4)
  3 balrugs
  Aizul (Shoals:1)
  2 deep elf elementalists
  2 ghouls (Vaults:2)
  3 spriggan defenders (Depths:4)
  A draconian annihilator (Depths:4)
  14 ironbound preservers
  18 very ugly things
  7 ironbound thunderhulks
  2 reapers
  12 stone giants
  5 war gargoyles
  Nessos (D:13)
  3 vampire knights
  A deep elf demonologist (Elf:2)
  An entropy weaver (Vaults:2)
  A white draconian (Depths:4)
  A green draconian (Depths:4)
  17 dire elephants
  5 deep elf annihilators (Elf:3)
  2 black draconians (Depths:4)
  8 ettins
  A crystal guardian (Vaults:2)
  4 spark wasps
  5 deep elf death magi
  A jiangshi (Depths:3)
  Josephine (D:13)
  12 merfolk impalers
  3 fire dragons (Depths:3)
  14 yaktaur captains
  4 merfolk javelineers
  3 deep elf high priests
  An ice dragon (shapeshifter) (D:14)
  3 salamander tyrants (Snake:4)
  Harold (D:11)
  16 naga warriors
  9 hydras
  3 great orbs of eyes
  20 vault guards
  5 boulder beetles
  7 ice dragons
  Fannar (D:10)
  7 merfolk aquamancers
  2 peacekeepers (Vaults:2)
  2 alligator snapping turtles
  6 ironbound frosthearts
  4 spriggan air magi
  6 rakshasas
  A juggernaut simulacrum (Abyss:2)
  An anaconda (shapeshifter) (Depths:3)
  4 catoblepae
  An ogre mage (D:14)
  3 satyrs (Shoals:3)
  15 anacondas
  12 centaur warriors
  3 death knights
  9 tengu warriors
  6 death yaks
  4 hell hogs (Depths:1)
  A satyr (shapeshifter) (Vaults:1)
  6 spriggan berserkers
  27 dancing weapons
  9 deep troll shamans
  9 deep troll earth magi
  4 orc high priests
  5 vampire magi (Depths:3)
  10 shock serpents
  10 deep elf knights
  Sonja (Lair:2)
  3 spriggans
  13 naga sharpshooters
  13 hell knights
  7 sun demons
  2 sixfirhies (Abyss:2)
  2 soul eaters (Depths:1)
  A spatial maelstrom (Abyss:2)
  A spectral death yak (Lair:6)
  7 starcursed masses (Abyss:2)
  5 glowing orange brains
  6 salamander mystics
  3 flayed ghosts
  18 sea snakes
  A spark wasp zombie (Depths:3)
  2 orange crystal statues
  8 iron trolls
  11 lindwurms
  A spectral anaconda (Lair:6)
  54 deep trolls
  8 naga ritualists
  10 deep elf archers
  12 ironbound convokers
  8 large abominations (Abyss:2)
  A phantasmal warrior (Vaults:4)
  11 wizards
  An obsidian statue (Lair:6)
  30 deep elf pyromancers
  2 orc knights (Orc:1)
  12 mana vipers
  6 necromancers
  18 salamanders
  27 deep elf zephyrmancers
  47 ugly things
  10 harpies
  8 orc sorcerers
  9 cyclopes
  A faun (shapeshifter) (Elf:1)
  A worldbinder (Abyss:2)
  2 wolf spiders (D:14)
  A manticore (shapeshifter) (Vaults:1)
  6 merfolk sirens
  13 manticores
  12 fauns
  2 moths of wrath (shapeshifter)
  14 vault sentinels
  39 black mambas
  7 guardian serpents
  2 ice statues (IceCv)
  7 water nymphs
  15 naga magi
  21 elephants
  2 smoke demons
  2 orange demons (Abyss:2)
  2 unseen horrors
  A molten gargoyle (Depths:4)
  3 torpor snails
  2 dire elephant zombies (Lair:6)
  A gargoyle (D:11)
  A centaur skeleton (Abyss:2)
  17 cane toads
  A dire elephant skeleton (Lair:6)
  A hellion (Depths:1)
  3 rime drakes
  33 yaktaurs
  7 tengu conjurers
  A komodo dragon (shapeshifter) (Depths:1)
  A kobold demonologist (D:7)
  4 ice devils (IceCv)
  2 efreet
  An entropy weaver simulacrum (IceCv)
  2 freezing wraiths
  12 komodo dragons
  2 ancient zymes (Abyss:2)
  A hellwing (Abyss:2)
  A guardian mummy (D:14)
  38 merfolk
  A tyrant leech (shapeshifter) (Vaults:4)
  3 meliai (D:15)
  6 trolls
  A merfolk (shapeshifter) (D:15)
  6 hornets
  A polar bear (Lair:2)
  35 slime creatures
  18 wind drakes
  Prince Ribbit (Bailey)
  17 blink frogs
  A spectral elephant (Lair:6)
  16 dream sheep
  6 snapping turtles
  8 raiju (Abyss:2)
  A shadow (D:10)
  A jumping spider (shapeshifter) (D:14)
  Sigmund (D:5)
  A centaur simulacrum (D:15)
  Eustachio (D:6)
  A spriggan (shapeshifter) (D:13)
  2 dire elephant simulacra (IceCv)
  31 water elementals
  A vampire (D:11)
  A ynoxinul (Abyss:2)
  11 air elementals
  7 wraiths
  23 yaks
  5 wyverns
  3 fire elementals
  4 humans (Bailey)
  6 steam dragons
  4 hogs (D:14)
  7 vampire mosquitoes
  4 basilisks
  A chaos spawn (Abyss:2)
  2 neqoxecs (Abyss:2)
  6 small abominations (Abyss:2)
  A spectral cane toad (Lair:6)
  Edmund (D:6)
  2 death yak simulacra (Lair:6)
  2 harpy simulacra (IceCv)
  4 wargs (Orc:1)
  A spatial vortex (Abyss:2)
  A naga (shapeshifter) (D:15)
  An acid dragon (D:12)
  35 nagas
  17 water moccasins
  A floating eye (Depths:4)
  38 orc warriors
  4 ice beasts
  5 sky beasts
  2 elephant zombies (Lair:6)
  7 wolves
  13 boggarts
  3 ogres
  24 centaurs
  2 kobold brigands
  17 bullfrogs
  A gnoll sergeant (D:12)
  3 scorpions
  4 earth elementals
  A cane toad simulacrum (IceCv)
  A scorpion (shapeshifter) (Elf:1)
  An elephant simulacrum (Lair:6)
  11 killer bees
  2 electric eels (Lair:4)
  2 howler monkeys
  2 hounds (D:6)
  A jelly (D:5)
  27 orc priests
  An iguana (D:5)
  2 spriggan simulacra (IceCv)
  29 orc wizards
  3 hell rats (Lair:3)
  2 polar bear simulacra (IceCv)
  A troll simulacrum (IceCv)
  A wolf simulacrum (IceCv)
  11 gnolls
  8 adders
  5 naga simulacra (IceCv)
  4 river rats (Lair:3)
  16 white imps
  2 ufetubi (IceCv)
  A worm (shapeshifter) (D:13)
  A dart slug (D:2)
  56 orcs
  6 bats
  6 endoplasms
  A giant cockroach (D:2)
  13 goblins
  5 hobgoblins
  6 jackals (D:1)
  7 kobolds
  2 quokkas (D:2)
  8 ball pythons
  8 frilled lizards
  17 rats
  A lurking horror (Abyss:2)
  4 starspawn tentacles (Abyss:2)
  4 tentacles (Shoals:1)
1842 creatures vanquished.

Vanquished Creatures (collateral kills)
  Gastronok (Lair:3)
1 creature vanquished.

Vanquished Creatures (others)
  A deep elf blademaster (Elf:3)
  A fire giant (Depths:4)
  A deep elf high priest (Elf:3)
  A fire dragon (Depths:3)
  2 deep elf knights (Elf:2)
  2 deep elf zephyrmancers
  An ugly thing (Depths:3)
  A naga mage (Snake:2)
  A merfolk (Shoals:3)
  5 dream sheep (D:7)
  A water elemental (Elf:2)
  A basilisk (D:14)
  A warg (Elf:2)
  A naga (Snake:3)
  An orc priest (Orc:2)
  2 orcs
  A frilled lizard (D:2)
  31 fungi
  128 plants
  7 starspawn tentacles
  5 tentacles (Shoals:1)
  29 withered plants
224 creatures vanquished.

Grand Total: 2067 creatures vanquished

Notes
Turn   | Place    | Note
-------+----------+-------------------------------------------
     0 | D:1      | Crownlay the Hill Orc Fighter began the quest for the Orb.
     0 | D:1      | Reached XP level 1. HP: 19/19 MP: 1/1
    83 | D:1      | Found Lextid's Magic Scroll Shoppe.
   292 | D:1      | Reached XP level 2. HP: 27/27 MP: 2/2
   563 | D:2      | Found a shimmering altar of Xom.
   581 | D:2      | Reached XP level 3. HP: 30/33 MP: 3/3
   957 | D:2      | Reached XP level 4. HP: 41/41 MP: 4/4
  1221 | D:2      | Found a faded altar of an unknown god.
  2444 | D:3      | Noticed a centaur
  2465 | D:3      | Killed a centaur
  2466 | D:3      | Reached skill level 5 in Fighting
  2466 | D:3      | Reached skill level 5 in Shields
  2466 | D:3      | Reached XP level 5. HP: 16/48 MP: 5/5
  3166 | D:4      | Reached skill level 5 in Axes
  3643 | D:4      | Reached XP level 6. HP: 53/56 MP: 6/6
  4161 | D:5      | Entered Level 5 of the Dungeon
  4163 | D:5      | Found a broken altar of Ashenzari.
  4371 | D:5      | Noticed an ice beast
  4377 | D:5      | Killed an ice beast
  4449 | D:5      | Noticed Sigmund
  4458 | D:5      | Killed Sigmund
  4459 | D:5      | Reached XP level 7. HP: 38/61 MP: 7/7
  4672 | D:5      | Found a stormy altar of Qazlal.
  4676 | D:5      | Became a worshipper of Qazlal Stormbringer
  4922 | D:5      | Reached skill level 5 in Armour
  4922 | D:5      | Reached skill level 1 in Invocations
  5349 | D:6      | Noticed a steam dragon
  5371 | D:6      | Killed a steam dragon
  5372 | D:6      | Reached XP level 8. HP: 12/68 MP: 8/10
  5686 | D:6      | Noticed Edmund
  5686 | D:6      | Noticed Eustachio
  5723 | D:6      | Killed Edmund
  5796 | D:6      | Killed Eustachio
  5797 | D:6      | Reached skill level 10 in Axes
  6030 | D:6      | Reached skill level 5 in Invocations
  6044 | D:6      | Reached XP level 9. HP: 49/74 MP: 13/13
  6275 | D:6      | Found an ancient bone altar of Kikubaaqudgha.
  6434 | D:7      | Found a staircase to the Ecumenical Temple.
  6443 | D:7      | Found Axumeuho's Self-Improvement Boutique.
  6479 | D:7      | Noticed a kobold demonologist
  6490 | D:7      | Killed a kobold demonologist
  6587 | D:7      | Found a shimmering altar of Xom.
  7261 | D:7      | Found Xuwkisuh's Antique Weapon Shop.
  7677 | D:7      | Reached * piety under Qazlal
  8048 | D:8      | Identified the +8 hand axe of Reason {drain, rCorr}
  8128 | D:8      | Reached XP level 10. HP: 74/81 MP: 16/16
  8705 | D:9      | Found a flagged portal.
  8727 | Bailey   | Entered a bailey
  8873 | Bailey   | Reached skill level 10 in Invocations
  8879 | Bailey   | Reached ** piety under Qazlal
  8975 | Bailey   | Noticed a vault guard
  8975 | Bailey   | Noticed Prince Ribbit
  8988 | Bailey   | Killed Prince Ribbit
  8997 | Bailey   | Killed a vault guard
  9143 | Bailey   | Noticed a vault guard
  9157 | Bailey   | Killed a vault guard
  9234 | Bailey   | Reached XP level 11. HP: 89/91 MP: 19/19
 10137 | D:10     | Entered Level 10 of the Dungeon
 10496 | D:10     | Found a staircase to the Lair.
 10794 | D:10     | Reached *** piety under Qazlal
 11326 | D:10     | Noticed Fannar
 11350 | D:10     | Killed Fannar
 11619 | D:10     | Found a staircase to the Orcish Mines.
 12080 | D:1      | Bought a scroll of noise for 10 gold pieces
 12080 | D:1      | Bought a scroll of identify for 20 gold pieces
 12080 | D:1      | Bought a scroll of enchant armour for 75 gold pieces
 12080 | D:1      | Bought a scroll of teleportation for 30 gold pieces
 12080 | D:1      | Bought a scroll of enchant armour for 75 gold pieces
 12080 | D:1      | Bought a scroll of enchant weapon for 75 gold pieces
 12080 | D:1      | Bought a scroll of enchant armour for 75 gold pieces
 12080 | D:1      | Bought a scroll of identify for 20 gold pieces
 12255 | Lair:1   | Entered Level 1 of the Lair of Beasts
 12340 | Lair:1   | Found a frozen archway.
 12471 | IceCv    | Entered an ice cave
 12515 | IceCv    | Reached **** piety under Qazlal
 13207 | IceCv    | Noticed a reaper
 13224 | IceCv    | Killed a reaper
 13225 | IceCv    | Reached XP level 12. HP: 44/105 MP: 22/22
 14281 | IceCv    | Reached skill level 10 in Fighting
 14670 | Lair:1   | Noticed an eight-headed hydra
 14678 | Lair:1   | Killed an eight-headed hydra
 14679 | Lair:1   | Reached skill level 15 in Invocations
 14712 | Lair:1   | Reached skill level 15 in Axes
 15769 | Lair:2   | Noticed Sonja
 15796 | Lair:2   | Killed Sonja
 16206 | Lair:2   | Noticed a four-headed hydra
 16220 | Lair:2   | Killed a four-headed hydra
 16437 | Lair:2   | Found a staircase to the Snake Pit.
 16517 | Lair:2   | Reached XP level 13. HP: 110/113 MP: 24/24
 17148 | Lair:3   | Reached ***** piety under Qazlal
 17207 | Lair:3   | Noticed Gastronok
 17221 | Lair:3   | Killed Gastronok
 17289 | Lair:3   | Found a stormy altar of Qazlal.
 18671 | Lair:4   | Noticed an ice dragon
 18685 | Lair:4   | Killed an ice dragon
 18810 | Lair:4   | Reached XP level 14. HP: 67/126 MP: 25/25
 19013 | Lair:4   | Found a staircase to the Shoals.
 20171 | Lair:5   | Found a viscous altar of Jiyva.
 20172 | Lair:5   | Found a staircase to the Slime Pits.
 20585 | Lair:6   | Entered Level 6 of the Lair of Beasts
 20597 | Lair:6   | Noticed a dire elephant
 20597 | Lair:6   | Noticed a dire elephant
 20597 | Lair:6   | Noticed a dire elephant
 20597 | Lair:6   | Noticed a dire elephant
 20597 | Lair:6   | Noticed a dire elephant
 20611 | Lair:5   | Killed a dire elephant
 20612 | Lair:5   | Reached skill level 1 in Evocations
 21021 | Lair:5   | Killed a dire elephant
 21022 | Lair:5   | Reached skill level 10 in Shields
 21113 | Lair:6   | Killed a dire elephant
 21206 | Lair:6   | Identified the ring "Quskif" {Ice Str+2}
 21434 | Lair:6   | Killed a dire elephant
 21451 | Lair:6   | Killed a dire elephant
 22933 | Orc:1    | Entered Level 1 of the Orcish Mines
 23078 | D:7      | Bought a manual of Armour for 960 gold pieces
 23255 | Orc:2    | Entered Level 2 of the Orcish Mines
 23270 | Orc:1    | Reached XP level 15. HP: 112/138 MP: 27/27
 23651 | Orc:1    | Reached skill level 5 in Evocations
 23664 | Orc:1    | Noticed an orc warlord
 23677 | Orc:1    | Killed an orc warlord
 23700 | Orc:1    | Reached ****** piety under Qazlal
 23821 | Orc:1    | Reached skill level 10 in Armour
 23895 | Orc:1    | Found a roughly hewn altar of Beogh.
 24157 | Orc:1    | Got Sif Muna's Disquisition on the Fetching Frostbite
 24258 | Orc:2    | Reached skill level 15 in Fighting
 24558 | Orc:2    | Found Naeclyen's Antique Weapon Boutique.
 24558 | Orc:2    | Found Lugg's General Store.
 24559 | Orc:2    | Found Seqit's General Store.
 24563 | Orc:2    | Found Weiw's Antique Armour Boutique.
 24598 | Orc:2    | Noticed Donald
 24615 | Orc:2    | Killed Donald
 24870 | Orc:2    | Found a staircase to the Elven Halls.
 24879 | Orc:2    | Found Baphag's Distillery.
 25297 | Orc:2    | Bought a scroll of teleportation for 45 gold pieces
 25301 | Orc:2    | Bought a scroll of enchant armour for 105 gold pieces
 25301 | Orc:2    | Bought a potion of curing for 42 gold pieces
 25301 | Orc:2    | Bought a scroll of summoning for 133 gold pieces
 25391 | D:11     | Noticed Harold
 25660 | D:11     | Killed Harold
 25867 | D:11     | Found Cugiaxt's Distillery.
 25894 | D:11     | Bought a potion of heal wounds for 55 gold pieces
 25894 | D:11     | Bought a potion of heal wounds for 55 gold pieces
 26314 | D:11     | You fall into a shaft and drop 2 floors!
 27347 | D:12     | Reached skill level 15 in Armour
 27379 | D:12     | Noticed an orc warlord
 27406 | D:12     | Killed an orc warlord
 27428 | D:12     | Noticed a fire giant
 27628 | D:12     | Killed a fire giant
 28511 | D:13     | Reached XP level 16. HP: 149/149 MP: 28/28
 28796 | D:13     | Noticed Josephine
 28799 | D:13     | Noticed Nessos
 28803 | D:13     | Killed Josephine
 28820 | D:13     | Killed Nessos
 29667 | D:14     | Noticed Kirke
 29686 | D:14     | Killed Kirke
 29787 | D:14     | Identified the ring "Siatroigg" {Drain Will+ rCorr Int+8
                  | SInv}
 29977 | D:14     | Found a gate to the Vaults.
 30053 | D:14     | Found a portal to a secret trove of treasure.
 30860 | D:14     | Identified the +0 scale mail of Snakes and Ladders {Regen+}
 30939 | D:15     | Entered Level 15 of the Dungeon
 31749 | D:15     | Noticed Rupert
 31785 | D:15     | Killed Rupert
 32366 | D:15     | Found a staircase to the Depths.
 32478 | D:15     | Upgraded the game from 0.29-a0-251-g80730f7218 to
                  | 0.29-a0-266-gf56f883ddd
 32697 | Snake:1  | Entered Level 1 of the Snake Pit
 32737 | Snake:1  | Reached skill level 1 in Throwing
 32832 | Snake:1  | Reached XP level 17. HP: 147/156 MP: 30/30
 33491 | Snake:1  | Found Paru's General Store.
 33491 | Snake:1  | Found Atiezisk's Book Boutique.
 34889 | Snake:2  | Noticed Asterion
 34909 | Snake:1  | Killed Asterion
 39362 | Snake:3  | Found Ugya's Armour Emporium.
 39751 | Snake:3  | Found a runed translucent door.
 39755 | Snake:3  | Noticed BigAl's ghost (adept GrEE)
 40193 | Snake:4  | Entered Level 4 of the Snake Pit
 40206 | Snake:4  | Reached skill level 5 in Throwing
 41586 | Snake:4  | Reached XP level 18. HP: 136/163 MP: 32/32
 42650 | Snake:4  | Got a serpentine rune of Zot
 43744 | Snake:4  | Found Litiwn's Assorted Antiques.
 43752 | Snake:4  | Bought a scroll of teleportation for 93 gold pieces
 43752 | Snake:4  | Bought a glowing broad axe for 217 gold pieces
 43802 | Snake:4  | Bought a clouded steel amulet for 155 gold pieces
 43802 | Snake:4  | Identified the amulet "Nuom" {Reflect rElec SH+5} (You
                  | bought it in a shop on level 4 of the Snake Pit)
 44205 | Shoals:1 | Entered Level 1 of the Shoals
 44207 | Shoals:1 | Noticed Aizul
 44397 | Shoals:1 | Killed Aizul
 44994 | Orc:2    | Bought a potion of ambrosia for 120 gold pieces
 44994 | Orc:2    | Bought a potion of heal wounds for 75 gold pieces
 45360 | Shoals:1 | Noticed Jorgrun
 45374 | Shoals:1 | Killed Jorgrun
 45489 | Shoals:1 | Found Netoas's Antique Weapon Emporium.
 45565 | Shoals:1 | Found a runed translucent gate.
 45565 | Shoals:1 | Found a runed translucent gate.
 45565 | Shoals:1 | Found a runed translucent gate.
 45567 | Shoals:1 | Noticed WhatIsLove's ghost (adept DjCj)
 45569 | Shoals:1 | Noticed numbers123456's ghost (journeyman MiBe)
 47418 | Shoals:2 | Noticed Mlioglotl
 47427 | Shoals:2 | Noticed a bone dragon
 47445 | Shoals:2 | Noticed a bone dragon
 47613 | Shoals:1 | Killed Mlioglotl
 47978 | Shoals:2 | Reached XP level 19. HP: 166/172 MP: 33/33
 48613 | Shoals:3 | Found Pokeph's Antique Weapon Emporium.
 49105 | Shoals:3 | Identified Roxanne's Guide on Stones
 49105 | Shoals:3 | Noticed Roxanne
 49448 | Shoals:3 | Found Camei's Magic Scroll Emporium.
 49456 | Shoals:3 | Bought a scroll of magic mapping for 63 gold pieces
 49456 | Shoals:3 | Bought a scroll of enchant armour for 135 gold pieces
 49456 | Shoals:3 | Bought a scroll of teleportation for 54 gold pieces
 49456 | Shoals:3 | Bought a scroll of teleportation for 54 gold pieces
 49609 | Shoals:3 | Killed Roxanne
 49672 | Shoals:4 | Entered Level 4 of the Shoals
 49677 | Shoals:4 | Paralysed by an air elemental for 1 turns
 49714 | Shoals:4 | Reached skill level 10 in Evocations
 49948 | Shoals:4 | Identified the +8 scythe "Loitan" {drain, Int+4}
 49993 | Shoals:4 | Paralysed by an air elemental for 1 turns
 50625 | Shoals:4 | Identified the ring "Lakkyamp" {rElec rF+ Dex+6}
 50663 | Shoals:4 | Paralysed by an air elemental for 1 turns
 50853 | Shoals:4 | Got a barnacled rune of Zot
 50956 | Shoals:4 | Reached skill level 10 in Throwing
 51145 | Shoals:4 | Found a glowing golden altar of the Shining One.
 51178 | Shoals:4 | Paralysed by an air elemental for 1 turns
 51313 | Shoals:4 | Noticed Polyphemus
 51324 | Shoals:4 | Killed Polyphemus
 52068 | Vaults:1 | Entered Level 1 of the Vaults
 52400 | Vaults:1 | Reached XP level 20. HP: 109/184 MP: 26/34
 52824 | Vaults:1 | Reached skill level 15 in Shields
 53183 | Snake:3  | Killed BigAl's ghost
 54109 | Vaults:1 | Found a huge runed gate.
 54109 | Vaults:1 | Found a huge runed gate.
 54109 | Vaults:1 | Found a huge runed gate.
 54113 | Vaults:1 | Found a huge runed gate.
 54113 | Vaults:1 | Found a huge runed gate.
 54113 | Vaults:1 | Found a huge runed gate.
 54114 | Vaults:1 | Found a huge runed gate.
 54114 | Vaults:1 | Found a huge runed gate.
 54114 | Vaults:1 | Found a huge runed gate.
 54114 | Vaults:1 | Found a huge runed gate.
 54120 | Vaults:1 | Found a huge runed gate.
 54120 | Vaults:1 | Found a huge runed gate.
 54120 | Vaults:1 | Found a huge runed gate.
 54120 | Vaults:1 | Found a huge runed gate.
 54120 | Vaults:1 | Found a huge runed gate.
 54121 | Vaults:1 | Found a huge runed gate.
 54122 | Vaults:1 | Found a huge runed gate.
 54123 | Vaults:1 | Found a huge runed gate.
 54124 | Vaults:1 | Found a huge runed gate.
 54134 | Vaults:1 | Found a huge runed gate.
 54134 | Vaults:1 | Found a huge runed gate.
 54134 | Vaults:1 | Found a huge runed gate.
 54134 | Vaults:1 | Found a huge runed gate.
 54134 | Vaults:1 | Found a huge runed gate.
 54135 | Vaults:1 | Found a huge runed gate.
 54136 | Vaults:1 | Found a huge runed gate.
 54137 | Vaults:1 | Found a huge runed gate.
 54138 | Vaults:1 | Found a huge runed gate.
 54146 | Vaults:1 | Found a huge runed gate.
 54146 | Vaults:1 | Found a huge runed gate.
 54146 | Vaults:1 | Found a huge runed gate.
 54146 | Vaults:1 | Found a huge runed gate.
 54146 | Vaults:1 | Found a huge runed gate.
 54146 | Vaults:1 | Found a huge runed gate.
 54147 | Vaults:1 | Found a huge runed gate.
 54148 | Vaults:1 | Found a huge runed gate.
 54238 | Vaults:1 | Identified the +1 scythe "Udwis" {holy, +Blink Str+8}
 54377 | Vaults:1 | Found Hoick's Magic Scroll Shop.
 54385 | Vaults:1 | Bought a scroll of blinking for 112 gold pieces
 54385 | Vaults:1 | Bought a scroll of enchant weapon for 112 gold pieces
 54385 | Vaults:1 | Bought a scroll of teleportation for 45 gold pieces
 54771 | Vaults:2 | Found Byelob's Assorted Antiques.
 54779 | Vaults:2 | Bought a scroll of enchant weapon for 300 gold pieces
 54779 | Vaults:2 | Bought a potion of heal wounds for 200 gold pieces
 55192 | Vaults:2 | Found a staircase to the Crypt.
 55374 | Vaults:2 | Noticed Xtahua
 55383 | Vaults:2 | Killed Xtahua
 56095 | Vaults:3 | Reached XP level 21. HP: 198/198 MP: 35/35
 56142 | Vaults:3 | Found Lewnimo's General Store.
 56145 | Vaults:3 | Bought a scroll of enchant weapon for 105 gold pieces
 57506 | Vaults:4 | Found a transporter.
 57516 | Vaults:4 | Found a transporter.
 58697 | Depths:1 | Entered Level 1 of the Depths
 59013 | Depths:1 | Noticed Louise
 59029 | Depths:1 | Killed Louise
 59045 | Depths:1 | Found a one-way gate to the infinite horrors of the Abyss.
 59148 | Depths:1 | Reached XP level 22. HP: 195/209 MP: 33/36
 59496 | Depths:1 | Found a gateway to Hell.
 59652 | Depths:1 | Found a shadowy altar of Dithmenos.
 60259 | Shoals:1 | Killed numbers123456's ghost
 60267 | Shoals:1 | Killed WhatIsLove's ghost
 61812 | Depths:2 | Found a one-way gate leading to the halls of Pandemonium.
 62299 | Depths:3 | Noticed an ancient lich
 62305 | Depths:3 | Killed an ancient lich
 62309 | Depths:3 | Reached XP level 23. HP: 217/217 MP: 0/37
 62320 | Depths:3 | Noticed a golden dragon
 62335 | Depths:3 | Killed a golden dragon
 62733 | Depths:3 | Identified the +0 leather armour of Sin {*Slow rN++ Int+2
                  | Stlth+}
 62742 | Depths:3 | Noticed a caustic shrike
 62758 | Depths:3 | Killed a caustic shrike
 63001 | Depths:3 | Noticed a caustic shrike
 63018 | Depths:3 | Killed a caustic shrike
 63360 | Depths:3 | Identified the +5 arbalest of Infinity {venom, rCorr Dex+3}
 63392 | Depths:3 | Noticed a juggernaut
 63412 | Depths:3 | Killed a juggernaut
 63884 | Depths:4 | Entered Level 4 of the Depths
 63953 | Depths:4 | Noticed a golden dragon
 63964 | Depths:4 | Killed a golden dragon
 64006 | Depths:4 | Noticed a golden dragon
 64017 | Depths:4 | Killed a golden dragon
 64104 | Depths:4 | Noticed the Enchantress
 64117 | Depths:4 | Cast into level 2 of the Abyss (spriggan defender)
 64438 | Abyss:2  | Gained mutation: You occasionally shout uncontrollably at
                  | your foes. [a neqoxec]
 64513 | Abyss:2  | Paralysed by accursed screaming for 1 turns
 64533 | Depths:4 | Escaped the Abyss
 65008 | Depths:3 | Lost mutation: You occasionally shout uncontrollably at
                  | your foes. [potion of mutation]
 65008 | Depths:3 | Gained mutation: You passively map a small area around you.
                  | [potion of mutation]
 65008 | Depths:3 | Gained mutation: Your skin changes colour to match your
                  | surroundings (Stealth+). [potion of mutation]
 65008 | Depths:3 | Gained mutation: You sometimes lose the ability to read
                  | scrolls when taking damage. [potion of mutation]
 65008 | Depths:3 | Gained mutation: You have large cloven feet. [potion of
                  | mutation]
 65010 | Depths:3 | Lost mutation: You have large cloven feet. [potion of
                  | mutation]
 65010 | Depths:3 | Lost mutation: Your skin changes colour to match your
                  | surroundings (Stealth+). [potion of mutation]
 65010 | Depths:3 | Gained mutation: Your mind is acute. (Int +2) [potion of
                  | mutation]
 65010 | Depths:3 | Gained mutation: Your movements are slightly less
                  | encumbered by armour. (ER -2) [potion of mutation]
 65013 | Depths:3 | Lost mutation: You sometimes lose the ability to read
                  | scrolls when taking damage. [potion of mutation]
 65013 | Depths:3 | Lost mutation: Your movements are slightly less encumbered
                  | by armour. (ER -2) [potion of mutation]
 65013 | Depths:3 | Lost mutation: Your mind is acute. (Int +2) [potion of
                  | mutation]
 65013 | Depths:3 | Gained mutation: Your body sometimes deteriorates upon
                  | taking damage. [potion of mutation]
 65013 | Depths:3 | Gained mutation: Your flesh is heat resistant. (rF+)
                  | [potion of mutation]
 65013 | Depths:3 | Gained mutation: Your mind is acute. (Int +2) [potion of
                  | mutation]
 65039 | Depths:4 | Killed the Enchantress
 65104 | Depths:4 | Found a gate to the Realm of Zot.
 65364 | Depths:4 | Found a one-way gateway to a ziggurat.
 65524 | Depths:4 | Found an opulent altar of Gozag.
 65687 | Depths:4 | Paralysed by a floating eye for 3 turns
 65950 | Depths:4 | Found Big Baal Hell's Store.
 66864 | Elf:1    | Entered Level 1 of the Elven Halls
 67627 | Elf:1    | Reached XP level 24. HP: 228/228 MP: 32/38
 67893 | Elf:1    | Got Rogruoma's Incunabulum of Attacks
 68195 | Elf:2    | Found Ekiluibb's Jewellery Boutique.
 68508 | Elf:2    | Found a runed translucent gate.
 68508 | Elf:2    | Found a runed translucent gate.
 68508 | Elf:2    | Found a runed translucent gate.
 68670 | Elf:2    | Found Tylimys's Antique Weapon Shop.
 68685 | Elf:2    | Paralysed by an air elemental for 1 turns
 69561 | Elf:3    | Entered Level 3 of the Elven Halls
 69565 | Elf:3    | Paralysed by an air elemental for 1 turns
 69570 | Elf:3    | Paralysed by an air elemental for 1 turns
 69681 | Elf:3    | Noticed Bai Suzhen
 69704 | Elf:3    | Killed Bai Suzhen
 69770 | Elf:3    | Identified the ring "Zuriuvvaxe" {Contam Fly rCorr Str+8
                  | Int-3}
 70096 | Elf:3    | Found Esoal's Jewellery Shoppe.
 70097 | Elf:3    | Found Qofoxuuwkeho's Book Boutique.
 70098 | Elf:3    | Found Dugug's Jewellery Shoppe.
 70270 | Elf:3    | Identified the +7 flail of Arbitration {distort, rF- Will+
                  | Str+3 Dex+9}
 70270 | Elf:3    | Identified the amulet "Leiro" {rElec Regen+}
 70280 | Elf:3    | Killed from afar by a deep elf annihilator

Illustrated notes

Levels and vault maps discovered:
D:1:      elethiomel_arrival_quiet, layout_rooms, serial_glass, glass_columns_a,
          glass_columns_a, serial_shops, nicolae_shop_trees
D:2:      layout_basic, ebering_ecumenical_altar_petrified, basic_altar,
          lemuel_flame_loot_1
D:3:      layout_loops_ring, lightli_corner_chamber
D:4:      layout_loops_corners, kennysheep_dice
D:5:      layout_basic, kennysheep_mini, ashenzari_altar_1, uniq_sigmund
D:6:      layout_rooms, kiku_gazebo_garden_becter, minmay_diced_spiral,
          uniq_edmund, uniq_eustachio
D:7:      layout_loops_cross, kb_xom_exploding_sheep,
          minmay_temple_entry_arrows, serial_shops, shop, nicolae_shop_self_help
D:8:      layout_cave_pools
D:9:      layout_rooms, lightli_bailey_entry_fortress
D:10:     layout_irregular_city, david_lair_shrubbed, hiddenorc1_lemuel,
          kennysheep_minor_cross, lightli_fourway_metalbox, uniq_fannar
D:11:     layout_gridville, serial_shops, shop, uniq_harold
D:12:     evilmike_diamond_1, layout_loops_ring, nicolae_twisting_strands,
          chequers_serial_rivers_large_b, hangedman_misty_isle
D:13:     layout_irregular_city, uniq_nessos, uniq_josephine
D:14:     layout_irregular_city, erik_vaults_2, minivault_11,
          nicolae_trove_entry_path_of_doom, minivault_12, uniq_kirke
D:15:     gammafunk_enter_depths_forms, layout_small_grid,
          minmay_misc_feat_roman, serial_bayou_lagoon_a, uniq_rupert
Lair:1:   layout_roguey, portal_ice_cave_entry_imps
Lair:2:   layout_loops_ring, dummy_snake_entry, uniq_sonja
Lair:3:   layout_big_grid, basic_altar, kennysheep_abandoned_house,
          uniq_gastronok
Lair:4:   statuecave_lemuel, layout_misc_corridors, elwin_shoals_entry_stream,
          bobbens_ice_dragon_lair
Lair:5:   layout_big_grid, slime_altar_1
Lair:6:   due_jungle_book, layout_hall_layers, lemuel_fruit_tree,
          serial_bayou_shore_a
Shoals:1: layout_shoals, serial_shops, shop, gammafunk_ghost_cemetery,
          nicolae_shoals_shepherds, uniq_aizul, uniq_jorgrun
Shoals:2: nicolae_shoals_island_circles, layout_shoals, uniq_mlioglotl
Shoals:3: layout_shoals, serial_shops, nicolae_shop_trees,
          nicolae_shoals_c_island, uniq_roxanne
Shoals:4: shoals_end_hellmonk_storm_palace [storm_palace_center_circular,
          storm_palace_corner_altar, storm_palace_corner_grid,
          storm_palace_corner_pillars, storm_palace_corner_reverse_hut],
          uniq_polyphemus
Snake:1:  minmay_snake_river, layout_gridlike, minmay_shoptagon
Snake:2:  layout_onion, grunt_megastairs_5, uniq_asterion
Snake:3:  layout_onion, ebering_ghost_reflecting_pool, grunt_ministairs_14,
          nicolae_take_the_stairs, nicolae_snake_gridmaze_big_u
Snake:4:  snake_pit_salamanders_mu, layout_cave_town, serial_shops,
          nicolae_diamond_shop, drop_trap, nicolae_snake_shapes
Orc:1:    orc_temple, layout_diamond_mine, statue_in_the_mist_lemuel
Orc:2:    st_orc_mages, layout_caves, special_room, serial_shops,
          nicolae_shop_competitors_out_of_business, uniq_donald
Elf:1:    layout_geoelf_diagonals, minmay_elf_sorcery,
          roderic_lattice_octagonal_star
Elf:2:    nicolae_elf_blades_splatter_lattice [nooodl_blade_entry_preview],
          layout_gridlike, serial_shops, nicolae_square_shop,
          minmay_shop_enchanted_jewellery, dreamdust_mushroom_princess
Elf:3:    minmay_elf_hall_x, layout_loops_cross, minmay_shop_grove,
          uniq_bai_suzhen
Vaults:1: hangedman_vaults_corner_blocks,
          nicolae_vaults_windows_and_doors_thing, door_vault,
          ontoclasm_vaults_claustrophobia, vaults_room_grid,
          vaults_room_stairs_pillars, ontoclasm_vaults_ring_small,
          nicolae_vaults_twisting_passages, v_misc_2,
          ontoclasm_vaults_ring_square, vaults_mumra_minichess,
          grunt_vaults_diagonal, vaults_dpeg_ring, ontoclasm_vaults_ligature,
          vaults_mumra_hex, layout_vaults_ring, serial_shops, shop
Vaults:2: st_lattice, v_misc_5, hangedman_vaults_unwind,
          hangedman_vaults_cutoff, nicolae_vaults_little_squares_2,
          layout_vaults_quadrants, minmay_crypt_entry_simple_box, serial_shops,
          shop, uniq_xtahua
Vaults:3: v_misc_16, v_misc_12, vaults_room_stairs_pillars, vaults_dpeg_doors,
          ontoclasm_vaults_ring_small, v_misc_1, vaults_standard_mumra_x,
          hangedman_vaults_corner_blocks, v_misc_23,
          ontoclasm_vaults_decontamination, nicolae_vaults_statue_guard,
          nicolae_vaults_triangles, vaults_dpeg_spiral, vaults_room_pools,
          vaults_room_fancy_cross, vaults_room_large_hall, vaults_room_fours,
          layout_vaults_omnicross, serial_shops, nicolae_shop_behind_doors
Vaults:4: v_misc_25, v_pattern_4, gammafunk_sealed_arena,
          nicolae_vaults_diagonal_hallway_8, v_misc_30, layout_vaults_big_room
Depths:1: layout_big_octagon, hellmouth_2,
          nicolae_abyss_entry_one_way_or_another,
          serial_sigils_hangedman_quiver, nicolae_dithmenos_shadow_blocks
Depths:2: dreamdust_merry_men, layout_cave_pools, hell_entry,
          kennysheep_cross_room, rand_demon_pan_entry_5,
          infiniplex_staircase_zigzag_2
Depths:3: hangedman_pleasuredromes, hell_entry, serial_shops, abyss_entry,
          uniq_josephina
Depths:4: evilmike_zot_entry_argh, layout_gridville, enter_ziggurat_f,
          nicolae_hell_entry_big_baal_hell, abyss_entry_glasseish,
          grunt_decor_resistance, nicolae_gozag_cash_rules_everything_around_me,
          uniq_enchantress

Skill      XL: |  1  2  3  4  5  6  7  8  9 10 11 12 13 14 15 16 17 18 19 20 21 22 23 24 |
---------------+-------------------------------------------------------------------------+-----
Fighting       | 4 5 6 9 10 12 14 15 16 17 19 20 21 | 21.8
Axes           | 3 4 5 7 9 11 13 14 18 20 21 22 23 | 23.1
Shields        | 4 5 8 10 11 14 17 20 | 20.0
Armour         | 4 5 7 8 16 18 20 21 22 | 22.3
Invocations    | 2 5 8 11 14 15 16 18 20 21 22 23 | 23.2
Evocations     | 4 5 6 9 10 | 10.0
Throwing       | 2 5 8 10 11 12 13 | 13.5

Action                   |  1- 3 |  4- 6 |  7- 9 | 10-12 | 13-15 | 16-18 | 19-21 | 22-24 || total
-------------------------+-------+-------+-------+-------+-------+-------+-------+-------++-------
Melee: War axe           |   107 |   129 |   191 |       |       |       |       |       ||   427
       Hand axe          |       |       |   119 |   693 |  1306 |  1753 |   346 |       ||  4217
       Trident           |       |       |       |    16 |    46 |       |       |       ||    62
       Broad axe         |       |       |       |       |       |     6 |  1273 |  1355 ||  2634
 Fire: Hand crossbow     |       |       |     3 |       |       |       |       |       ||     3
Throw: Boomerang         |       |       |    17 |    47 |   169 |   228 |   122 |   166 ||   749
       Dart              |       |       |       |     1 |       |       |       |       ||     1
       Javelin           |       |       |       |       |       |       |     1 |     5 ||     6
Invok: Upheaval          |       |       |       |     2 |     1 |     8 |     9 |     3 ||    23
       Elemental Force   |       |       |       |       |     1 |       |       |       ||     1
       Disaster Area     |       |       |       |       |       |     2 |     3 |       ||     5
Evoke: Wand              |       |       |       |     9 |    14 |     1 |       |       ||    24
  Use: Scroll            |       |     3 |     3 |    26 |     9 |     8 |     7 |     4 ||    60
       Potion            |       |     1 |     1 |     2 |       |     2 |       |     3 ||     9
 Stab: Petrified         |       |       |       |       |     5 |       |       |       ||     5
       Petrifying        |       |       |       |       |     1 |       |       |       ||     1
       Paralysed         |       |       |       |       |     6 |       |       |       ||     6
       Distracted        |       |       |       |       |       |       |     1 |       ||     1
Armor: Scale mail        |    63 |    46 |   154 |    64 |       |       |       |       ||   327
       Plate armour      |       |       |       |    38 |       |       |       |       ||    38
       Crystal plate arm |       |       |       |   115 |   682 |   748 |   683 |   587 ||  2815
Dodge: Dodged            |    45 |    67 |   128 |   116 |   164 |   247 |   168 |   176 ||  1111
       Repelled          |       |       |       |     2 |     1 |    31 |     9 |    14 ||    57
Block: Buckler           |    29 |    36 |    85 |   199 |   827 |  1529 |    15 |       ||  2720
       Reflection        |       |       |       |       |    49 |   222 |   121 |    81 ||   473
       Kite shield       |       |       |       |       |       |       |  1690 |  1386 ||  3076

Table legend: (Time is in decaauts)
 A = Elapsed time spent in this place.
 B = Non-inter-level travel time spent in this place.
 C = Inter-level travel time spent in this place.
 D = Time resting spent in this place.
 E = Time spent auto-exploring this place.
 F = Levels seen in this place.
 G = Mean time per level.
                   A        B        C        D        E       F      G
               +--------+--------+--------+--------+--------+-----+--------+
         Total |  69011 |  63378 |   5633 |   6914 |  40515 |  45 | 1533.6 |
       Dungeon |  19884 |  17710 |   2174 |    698 |  13703 |  15 | 1325.6 |
          Lair |   9997 |   8544 |   1453 |   1861 |   4289 |   6 | 1666.2 |
        Shoals |   6626 |   6411 |    215 |    659 |   3615 |   4 | 1656.5 |
     Snake Pit |  11494 |  10694 |    800 |   2728 |   5273 |   4 | 2873.5 |
  Orcish Mines |   2383 |   2119 |    264 |      0 |   1383 |   2 | 1191.5 |
   Elven Halls |   3312 |   3194 |    118 |      0 |   2507 |   3 | 1104.0 |
        Vaults |   5785 |   5403 |    382 |    144 |   3545 |   4 | 1446.2 |
        Depths |   6596 |   6372 |    224 |    175 |   4697 |   4 | 1649.0 |
         Abyss |    379 |    379 |      0 |      0 |    160 |   1 |  379.0 |
        Bailey |    682 |    682 |      0 |      0 |    574 |   1 |  682.0 |
      Ice Cave |   1870 |   1870 |      0 |    648 |    767 |   1 | 1870.0 |
               +--------+--------+--------+--------+--------+-----+--------+

Top non-repeatable levels by time:
 Snake:2: 3556 daAuts
 Snake:1: 2998 daAuts
    D:10: 2756 daAuts
 Snake:3: 2511 daAuts
  Lair:4: 2461 daAuts
 Snake:4: 2428 daAuts
Depths:3: 2386 daAuts
Shoals:1: 2182 daAuts
  Lair:2: 2063 daAuts
  Lair:6: 1947 daAuts
   IceCv: 1870 daAuts
Vaults:1: 1866 daAuts
Depths:4: 1839 daAuts
    D:15: 1665 daAuts
    D:14: 1638 daAuts
